 Dungeon Crawl Stone Soup version 0.18.1-50-g88ac8fd (webtiles) character file.

108 ringo67 the Firebug (level 4, -8/24 HPs)
             Began as a Deep Elf Fire Elementalist on Oct 25, 2016.
             Killed by nerve-wracking pain
             ... invoked by an orc priest
              (14 damage)
             ... on level 3 of the Dungeon.
             The game lasted 00:10:15 (2308 turns).

ringo67 the Firebug (Deep Elf Fire Elementalist)    Turns: 2308, Time: 00:10:16

Health: -8/24      AC:  2    Str:  5    XL:     4   Next: 58%
Magic:  0/10       EV: 13    Int: 21    God:
Gold:   166        SH:  0    Dex: 15    Spells: 2 memorised, 5 levels left

rFire  . . .     SeeInvis .     g - +0 dagger
rCold  . . .     Gourm    .     a - +0 robe
rNeg   + . .     Faith    .     (no shield)
rPois  .         Spirit   .     (no helmet)
rElec  .         Dismiss  .     (no cloak)
rCorr  .         Reflect  .     (no gloves)
SustAt .         Harm     .     (no boots)
MR     .....                    (no amulet)
Stlth  ++........               (no ring)
                                p - ring of positive energy

@: not resistant to hostile enchantments, unstealthy
A: no striking features
a: no special abilities


You were on level 3 of the Dungeon.
You were not hungry.

You visited 1 branch of the dungeon, and saw 3 of its levels.

You collected 166 gold pieces.

Inventory:

Hand Weapons
 g - a +0 dagger (weapon)
Armour
 a - a +0 robe (worn)
Jewellery
 p - a ring of positive energy (left hand)
Scrolls
 d - 2 scrolls of blinking
 e - a scroll of immolation {unknown}
 h - 2 scrolls of identify
 i - a scroll of noise {unknown}
 j - a scroll of magic mapping {unknown}
 m - 2 scrolls of remove curse
 o - a scroll of enchant armour {unknown}
 q - 2 scrolls of teleportation {unknown}
Potions
 f - a potion of mutation {unknown}
 l - 2 potions of curing {unknown}
Books
 b - a book of Flames

   Spells                             Type                      Level
   a - Flame Tongue                   Conjuration/Fire             1
   b - Throw Flame                    Conjuration/Fire             2
   c - Conjure Flame                  Conjuration/Fire             3
   d - Inner Flame                    Hexes/Fire                   3
   e - Sticky Flame                   Conjuration/Fire             4
   f - Fireball                       Conjuration/Fire             5
 s - a book of Callings

   Spells                             Type                      Level
   a - Summon Small Mammal            Summoning                    1
   b - Call Imp                       Summoning                    2
   c - Call Canine Familiar           Summoning                    3
   d - Summon Guardian Golem          Hexes/Summoning              3
   e - Summon Lightning Spire         Summoning/Air                4
   f - Summon Ice Beast               Ice/Summoning                4
Comestibles
 c - 2 bread rations
 k - 2 fruits
 n - a beef jerky
 r - 7 chunks of flesh


   Skills:
 - Level 2.4 Dodging
 - Level 2.4 Stealth
 - Level 3.0 Spellcasting
 + Level 3.1 Conjurations
 * Level 5.1 Fire Magic


You had 5 spell levels left.
You knew the following spells:

 Your Spells              Type           Power        Failure   Level  Hunger
a - Flame Tongue          Conj/Fire      ###..        2%          1    None
b - Conjure Flame         Conj/Fire      ###.....     10%         3    ###....


Dungeon Overview and Level Annotations

Branches:
Dungeon (3/15)

Altars:


Message History

Aiming: Flame Tongue
Press: ? - help, Shift-Dir - straight line, f/p - orc priest
Aim: an orc priest The flame tongue hits the orc priest.
The orc priest is lightly wounded.
The orc priest mumbles some strange prayers to Beogh against you.
You barely resist.
Things that are here:
a scale mail; a dagger; a robe
Casting: Flame Tongue
Confirm with . or Enter, or press ? or * to list all spells.
Aiming: Flame Tongue
Press: ? - help, Shift-Dir - straight line, f/p - orc priest
Aim: an orc priest (lightly wounded)
The flame tongue hits the orc priest.
The orc priest is almost dead.
The orc priest invokes the aid of Beogh against you.
Pain shoots through your body!
Ouch! That really hurt!
You die...

.# #.# .#
#.######## .#
#........# .#
#.######.# ...#
###.## #.###
##....# #)
####.#.#.## #
#.........#######
#..#..###.@ohh.h#
#.#_#..##.#####.#
#..#.....## #.#
######........####
#h#
...<.............#
#.#
#########.....##.#
#h# ##...## # #.#
##.## #.# ..#


You could see an orc priest and 3 jackals.

Vanquished Creatures
  An orc wizard (D:3)
  4 adders
  3 orcs (D:3)
  2 ball pythons (D:1)
  5 bats
  A giant cockroach (D:1)
  4 goblins (D:1)
  5 hobgoblins
  2 jackals (D:2)
  3 giant newts
  7 kobolds
  4 rats
41 creatures vanquished.

Notes
Turn   | Place    | Note
--------------------------------------------------------------
     0 | D:1      | ringo67 the Deep Elf Fire Elementalist began the quest for the Orb.
     0 | D:1      | Reached XP level 1. HP: 10/10 MP: 6/6
   172 | D:1      | Reached XP level 2. HP: 13/15 MP: 1/8
   324 | D:1      | Reached skill level 4 in Fire Magic
  1132 | D:2      | Reached XP level 3. HP: 18/19 MP: 3/9
  1269 | D:2      | Learned a level 3 spell: Conjure Flame
  2189 | D:3      | Reached XP level 4. HP: 20/24 MP: 5/10
  2253 | D:3      | Found a faded altar to an unknown god.
  2284 | D:3      | Reached skill level 5 in Fire Magic
  2308 | D:3      | Killed from afar by an orc priest

Skill      XL: |  1  2  3  4 |
---------------+-------------+-----
Fire Magic     | 4 5 |  5.1
Conjurations   | 2 3 |  3.1
Dodging        | |  2.4
Stealth        | |  2.4
Spellcasting   | |  3.0

Action                   |  1- 3 |  4- 6 || total
-------------------------+-------+-------++-------
Melee: Dagger            |     2 |       ||     2
 Cast: Flame Tongue      |    60 |    11 ||    71
       Conjure Flame     |       |     1 ||     1
  Use: Scroll            |     3 |       ||     3
  Eat: Chunk             |     3 |       ||     3
       Fruit             |     1 |       ||     1
Armor: Robe              |     5 |       ||     5
Dodge: Dodged            |    17 |       ||    17
